 Dungeon Crawl Stone Soup version 0.22-a0-223-g0f5d773 (webtiles) character file.

125 vishdafish the Slasher (level 4, -2/34 HPs)
             Began as a Demonspawn Gladiator on Feb 18, 2018.
             Slain by a killer bee (4 damage)
             ... on level 3 of the Dungeon.
             The game lasted 00:02:29 (2267 turns).

vishdafish the Slasher (Demonspawn Gladiator)       Turns: 2267, Time: 00:02:29

Health: -2/34      AC:  4    Str: 16    XL:     4   Next: 82%
Magic:  4/4        EV: 13    Int: 14    God:
Gold:   140        SH:  0    Dex: 14    Spells: 3/3 levels left

rFire    . . .     SeeInvis .   a - +0 long sword
rCold    . . .     Gourm    .   (no shield)
rNeg     . . .     Faith    .   b - +0 leather armour
rPois    .         Spirit   .   c - +0 helmet
rElec    .         Reflect  .   (no cloak)
rCorr    .         Harm     .   (no gloves)
MR       .....                  (no boots)
Stlth    ++........             (no amulet)
HPRegen  0.11/turn              (no ring)
MPRegen  0.09/turn              (no ring)

@: brilliant, lethally poisoned (-2 -> -13), hasted, very quick
A: nightstalker 1
a: no special abilities


You were on level 3 of the Dungeon.
You were not hungry.

You visited 1 branch of the dungeon, and saw 3 of its levels.

You collected 140 gold pieces.

Inventory:

Hand Weapons
 a - a +0 long sword (weapon)
 l - a +1 trident of pain
Missiles
 d - 3 throwing nets (quivered)
Armour
 b - a +0 leather armour (worn)
 c - a +0 helmet (worn)
Scrolls
 e - a scroll of remove curse
 h - 3 scrolls of amnesia {unknown}
 i - 2 scrolls of identify {unknown}
 k - a scroll of enchant armour {unknown}
Comestibles
 f - 5 rations
 n - 5 chunks of flesh


   Skills:
 + Level 2.8 Fighting
 * Level 3.8 Long Blades
 + Level 2.5 Throwing
 + Level 3.3 Dodging


You had 3 spell levels left.
You didn't know any spells.

Dungeon Overview and Level Annotations

Branches:
Dungeon (3/15)

Altars:


Innate Abilities, Weirdness & Mutations

You are slightly more attuned to the shadows.


Message History

It was a potion of curing.
You feel better. The killer bee barely misses you. The killer bee stings you.
You are poisoned.
The killer bee poisons you! The killer bee barely misses you.
The killer bee stings you but does no damage.
You miss the killer bee.
You feel sick. The killer bee completely misses you.
You riposte.
You closely miss the killer bee. The killer bee closely misses you.
The killer bee barely misses you. The killer bee closely misses you.
It was a potion of brilliance.
You feel clever all of a sudden. The killer bee stings you.
You are lethally poisoned!
The killer bee poisons you! The killer bee barely misses you.
The killer bee misses you. The killer bee stings you!
* * * LOW HITPOINT WARNING * * *
It was a potion of haste.
You feel yourself speed up.
* * * LOW HITPOINT WARNING * * *
You feel sick. The killer bee stings you.
You die...

###.........##...###........
#.........##...###........
#.........#....+..........
#.........#....###........
#######+#####....# #........
.... .....###'###...# #####
#....# ### ....# #+##....#
....# #y@#....# ....#
##y#....# ....# #yy....##
##### #.......# #..)..).#
#.......# #.......#
#.......# #.......#


You could see 4 killer bees.

Vanquished Creatures
  Jessica (D:2)
  Natasha (D:3)
  An adder (D:2)
  2 oozes (D:1)
  2 worms
  A dart slug (D:2)
  A leopard gecko (D:1)
  2 orcs (D:3)
  6 bats
  4 giant cockroaches
  7 goblins
  4 hobgoblins (D:1)
  2 frilled lizards (D:1)
  7 kobolds
  5 rats
46 creatures vanquished.

Notes
Turn   | Place    | Note
-------+----------+-------------------------------------------
     0 | D:1      | vishdafish the Demonspawn Gladiator began the quest for the Orb.
     0 | D:1      | Reached XP level 1. HP: 16/16 MP: 1/1
   277 | D:1      | Gained mutation: You are slightly more attuned to the shadows. [demonic ancestry]
   277 | D:1      | Reached XP level 2. HP: 17/22 MP: 2/2
   629 | D:1      | Reached XP level 3. HP: 28/28 MP: 3/3
  1475 | D:2      | Noticed Jessica
  1485 | D:2      | Killed Jessica
  1485 | D:2      | Reached XP level 4. HP: 34/34 MP: 4/4
  2199 | D:3      | Noticed Natasha
  2207 | D:3      | Killed Natasha
  2267 | D:3      | Slain by a killer bee

Vault maps used:
D:1:      dpeg_arrival_boxorama
D:2:      minmay_misc_feat_x, uniq_jessica
D:3:      first_ration, hangedman_decor_growths, uniq_natasha

Skill      XL: |  1  2  3 |
---------------+----------+-----
Long Blades    | 3 |  3.8
Throwing       | 2 |  2.5
Dodging        | 3 |  3.3
Fighting       | |  2.8

Action                   |  1- 3 |  4- 6 || total
-------------------------+-------+-------++-------
Melee: Long sword        |    82 |    29 ||   111
  Use: Potion            |       |     3 ||     3
       Scroll            |       |     1 ||     1
 Stab: Sleeping          |    10 |       ||    10
  Eat: Chunk             |     1 |     3 ||     4
Armor: Leather armour    |    34 |     3 ||    37
Dodge: Dodged            |    57 |    34 ||    91
       Rpst.: Long sword |    20 |     8 ||    28

Table legend:
 A = Spawn XP
 B = Non-spawn XP
 C = Spawn XP percentage of total XP
 D = Spawn monster count
 E = Non-spawn monster count
 F = Spawn count percentage of total count
 G = Total turns spent on level
                    A         B        C        D         E        F      G
               +---------+---------+-------+---------+---------+-------+---------
         Total |       0 |     179 |   0.0 |       0 |      46 |   0.0 |  2267
               +---------+---------+-------+---------+---------+-------+---------
           D:1 |       0 |      48 |   0.0 |       0 |      22 |   0.0 |   927
           D:2 |       0 |      78 |   0.0 |       0 |      16 |   0.0 |  1175
           D:3 |       0 |      53 |   0.0 |       0 |       8 |   0.0 |   165
               +---------+---------+-------+---------+---------+-------+---------
